 Dungeon Crawl Stone Soup version 0.31-a0-142-g31f6795574 (webtiles) character file.

Game seed: 8808550711410809399

16 Faragor the Chiller (level 2, 0/15 HPs)
             Began as a Deep Elf Ice Elementalist on June 3, 2023.
             Slain by a gnoll
             ... wielding a +0 spear
              (9 damage)
             ... on level 1 of the Dungeon.
             The game lasted 00:02:49 (501 turns).

Faragor the Chiller (Deep Elf Ice Elementalist)      Turns: 501, Time: 00:02:50

Health: 0/15       AC:  2    Str:  5    XL:     2   Next: 37%
Magic:  6/8        EV: 13    Int: 19    God:
Gold:   85         SH:  0    Dex: 15    Spells: 7/8 levels left

rFire   . . .        (no weapon)
rCold   . . .        (no shield)
rNeg    . . .        a - +0 robe
rPois   .            (no helmet)
rElec   .            (no cloak)
rCorr   .            (no gloves)
SInv    .            (no boots)
Will    .....        (no amulet)
Stlth   ++           (no ring)
HPRegen 0.22/turn    (no ring)
MPRegen 0.11/turn

%: no passive effects
@: no status effects
A: no striking features
a: no special abilities


You were on level 1 of the Dungeon.
You visited 1 branch of the dungeon, and saw 1 of its levels.

You collected 85 gold pieces.

Inventory:

Hand Weapons
 c - a +0 orcbow
Missiles
 e - 3 javelins
Armour
 a - a +0 robe (worn)
Scrolls
 d - a scroll of vulnerability {unknown}
 f - a scroll of identify {unknown}
Potions
 b - a potion of magic


   Skills:
 - Level 2.7 Dodging
 - Level 2.7 Stealth
 * Level 3.5 Spellcasting
 + Level 4.6 Ice Magic


You had 7 spell levels left.
You knew the following spells:

 Your Spells              Type           Power      Damage    Failure   Level
a - Freeze                Ice            80%        1d9       2%          1

Your spell library contained the following spells:

 Spells                   Type           Power      Damage    Failure   Level
 Frozen Ramparts          Ice            40%        1d7       6%          3
 Ozocubu's Armour         Ice            20%        N/A       6%          3
 Summon Ice Beast         Ice/Summ       12%        N/A       50%         4


Dungeon Overview and Level Annotations

Branches:
Dungeon (1/15)

Altars:


Message History

You start waiting.
Done waiting.
You now have 76 gold pieces (gained 12).
Found a stone staircase leading down.
Found 9 gold pieces.
You now have 85 gold pieces (gained 9).
A gnoll comes into view. It is wielding a +0 spear.
Found 13 gold pieces.
Found a scroll labelled XOJIKICZ BESYEXZO and 4 javelins.
The gnoll shouts!
Found 14 gold pieces.
The gnoll hits the plant with a +0 spear.
The plant begins to die.
You hit the plant.
The plant begins to die.
The plant is lightly damaged.
The gnoll closely misses you.
You hit the plant but do no damage.
The plant is lightly damaged.
The gnoll misses you.
The gnoll hits you from afar with a +0 spear.
A nearby plant withers and dies. x2; The gnoll closely misses you.
The gnoll hits you with a +0 spear.
Casting: Freeze (safe; 2% risk of failure)
Confirm with . or Enter, or press ? or * to list all spells.
Aiming: Freeze (safe; 2% risk of failure)
Press: ? - help, Shift-Dir - straight line, f - gnoll
Aim: a gnoll, wielding a +0 spear You freeze the gnoll.
The gnoll is lightly wounded.
The gnoll barely misses you.
Casting: Freeze (safe; 2% risk of failure)
Confirm with . or Enter, or press ? or * to list all spells.
Aiming: Freeze (safe; 2% risk of failure)
Press: ? - help, Shift-Dir - straight line, f/p - gnoll
Aim: a gnoll, wielding a +0 spear (lightly wounded)
You freeze the gnoll!
The gnoll is severely wounded.
The gnoll hits you with a +0 spear!
Ouch! That really hurt!
You die...

...........#
...$PPP...#....##..
#.PPP...P.#....##...
#.P.............#..r
###.$....P.....(..#...##
....P.P.P....... #...#..
....PP..gPP..# ...#.....
.....PP@P....##.......#.
....?......###..........
....####........#.....##
....#####.###..........)
. .
......................
..
###........##.........
... #........# .........
#...###........#
.........
##.............#
.........


You could see a gnoll.

Vanquished Creatures
  3 bats (D:1)
  A giant cockroach (D:1)
  3 goblins (D:1)
  3 hobgoblins (D:1)
  A ball python (D:1)
  A frilled lizard (D:1)
  2 kobolds (D:1)
14 creatures vanquished.

Notes
Turn   | Place    | Note
-------+----------+-------------------------------------------
     0 | D:1      | Faragor the Deep Elf Ice Elementalist began the quest for
                  | the Orb.
     0 | D:1      | Reached XP level 1. HP: 10/10 MP: 6/6
   259 | D:1      | Reached XP level 2. HP: 11/15 MP: 5/8
   501 | D:1      | Slain by a gnoll

Illustrated notes

Levels and vault maps discovered:
D:1:      dpeg_arrival_connections, layout_rooms, hangedman_decor_riveting,
          nicolae_grassy_gnolls

Action                     || total
---------------------------++-------
  Melee: Unarmed           ||    15
   Cast: Freeze            ||    20
 Armour: Robe              ||     3
  Dodge: Dodged            ||    23

Table legend: (Time is in decaauts)
 A = Elapsed time spent in this place.
 B = Non-inter-level travel time spent in this place.
 C = Inter-level travel time spent in this place.
 D = Time resting spent in this place.
 E = Time spent auto-exploring this place.
 F = Levels seen in this place.
 G = Mean time per level.
                   A        B        C        D        E       F      G
               +--------+--------+--------+--------+--------+-----+--------+
         Total |    501 |    501 |      0 |    212 |      0 |   1 |  501.0 |
       Dungeon |    501 |    501 |      0 |    212 |      0 |   1 |  501.0 |
               +--------+--------+--------+--------+--------+-----+--------+

Top non-repeatable levels by time:
     D:1: 501 daAuts
